 Dungeon Crawl Stone Soup version 0.31-a0-182-gc5ef74bbde (webtiles) character file.

Game seed: 9522531959526601396

94 IdlyInterested the Trooper (level 4, 0/33 (37) HPs)
             Began as a Demonspawn Fighter on June 20, 2023.
             Slain by an orc
             ... wielding a +0 mace
              (6 damage)
             ... on level 3 of the Dungeon.
             The game lasted 00:07:18 (1998 turns).

IdlyInterested the Trooper (Demonspawn Fighter)     Turns: 1998, Time: 00:07:18

HP:   0/33 (37)     AC:  5    Str: 16    XL:     4   Next: 38%
MP:   4/4           EV: 11    Int:  9    God:
Gold: 96            SH:  5    Dex: 18    Spells: 3/3 levels left

rFire   . . .        a - +1 trident
rCold   . . .        c - +0 buckler
rNeg    . . .        n - +1 robe of Buthrit {Will+ Regen+ Dex+3}
rPois   .            u - +0 helmet
rElec   .            m - +0 cloak
rCorr   .            (no gloves)
SInv    .            (no boots)
Will    +....        (no amulet)
Stlth   ++           (no ring)
HPRegen 1.05/turn    (no ring)
MPRegen 0.09/turn

%: no passive effects
@: mighty, heavily drained
A: foul stench 1, weakness stinger 1
a: no special abilities


You were on level 3 of the Dungeon.
You visited 1 branch of the dungeon, and saw 3 of its levels.

You collected 96 gold pieces.

Inventory:

Hand Weapons
 a - a +1 trident (weapon)
 s - a +1 dagger of draining
 v - a +0 spear
Missiles
 e - 5 poisoned darts
 f - 32 stones (quivered)
 q - 2 throwing nets
Armour
 b - a +0 scale mail
 c - a +0 buckler (worn)
 m - a +0 cloak (worn)
 n - the +1 robe of Buthrit (worn) {Will+ Regen+ Dex+3}
   (You found it on level 2 of the Dungeon)

   Dex:       It affects your dexterity (+3).
   Regen:     It increases your rate of health regeneration.
   Will:      It increases your willpower.
 u - a +0 helmet (worn)
Wands
 o - a wand of roots (10)
Scrolls
 g - a scroll of teleportation
 i - a scroll of vulnerability {unknown}
 k - 2 scrolls of identify
 l - a scroll of acquirement {unknown}
 p - a scroll of noise {unknown}
 r - a scroll of fog {unknown}
Potions
 d - a potion of might
 h - a potion of resistance
 j - a potion of enlightenment
 t - a potion of curing {unknown}


   Skills:
 * Level 4.1 Fighting
 - Level 2.0 Polearms
 - Level 3.0 Armour
 - Level 1.0 Dodging
 + Level 0.0 Stealth
 * Level 3.4 Shields


You had 3 spell levels left.
You didn't know any spells.
Your spell library was empty.

Dungeon Overview and Level Annotations

Branches:
Dungeon (3/15)

Altars:


Innate Abilities, Weirdness & Mutations

You may rarely emit foul miasma when damaged in melee.
You have a small tail.


Message History

t - a grey potion
Items here: )))) [[ †††.
u - a +0 helmet
v - a +0 spear You start putting on your armour.
You continue putting on your +0 helmet. x4
You finish putting on your +0 helmet.
A goblin comes into view. It is wielding a +0 dagger.
You closely miss the hobgoblin.
The hobgoblin hits you but does no damage.
The hobgoblin barely misses you.
You puncture the hobgoblin!
You kill the hobgoblin!
You see here a hobgoblin corpse.
You catch the helpless goblin completely off-guard!
You hit the goblin.
You kill the goblin!
Things that are here:
a +0 dagger; a goblin corpse
There is a stone staircase leading up here.
You climb upwards.
There is a stone staircase leading down here.
There is an escape hatch in the floor here.
You slide downwards.
The hatch slams shut behind you.
You feel very mighty all of a sudden.
The orc priest shouts!
The orc shouts!
You barely miss the orc. The orc barely misses you. x2
The orc priest calls down the wrath of Beogh upon you.
Beogh smites you! The orc closely misses you.
You closely miss the orc. The orc closely misses you.
The orc hits you with a +2 flail of holy wrath.
You convulse.
The orc hits you with a +0 mace.
You barely miss the orc. The orc hits you with a +0 club.
You emit a cloud of foul miasma!
The orc barely misses you. You block the orc's attack.
The orc hits you with a +2 flail of holy wrath.
* * * LOW HITPOINT WARNING * * *
You convulse.
* * * LOW HITPOINT WARNING * * *
The orc hits you with a +0 mace.
You die...

#.# #.# ####+#.###
#........#
#........#
#.......)#
#.####o.......#
#.....o@o..<..#
##.....o......#
.................
#########..>..####
#.....# +.....+
#.....# #.....#


You could see an orc priest and 3 orcs.

Vanquished Creatures
  Robin (D:3)
  A worm (D:2)
  A dart slug (D:1)
  6 endoplasms
  5 giant cockroaches
  6 hobgoblins
  7 jackals (D:1)
  4 quokkas
  3 ball pythons (D:1)
  5 bats
  4 frilled lizards
  12 goblins
  7 kobolds
  10 rats
72 creatures vanquished.

Notes
Turn   | Place    | Note
-------+----------+-------------------------------------------
     0 | D:1      | IdlyInterested the Demonspawn Fighter began the quest for
                  | the Orb.
     0 | D:1      | Reached XP level 1. HP: 18/18 MP: 1/1
    56 | D:1      | Gained mutation: You have a small tail. [demonic ancestry]
    56 | D:1      | Reached XP level 2. HP: 4/24 MP: 2/2
   385 | D:1      | Gained mutation: You may rarely emit foul miasma when
                  | damaged in melee. [demonic ancestry]
   385 | D:1      | Reached XP level 3. HP: 28/29 MP: 3/3
  1005 | D:2      | Found a faded altar of an unknown god.
  1546 | D:2      | Identified the +1 robe of Buthrit {Will+ Regen+ Dex+3}
  1588 | D:2      | Reached XP level 4. HP: 37/37 MP: 4/4
  1745 | D:3      | Reached skill level 4 in Fighting
  1866 | D:3      | Noticed Robin
  1889 | D:3      | Killed Robin
  1903 | D:3      | Reached skill level 1 in Dodging
  1998 | D:3      | Slain by an orc

Illustrated notes

Levels and vault maps discovered:
D:1:      beargit_arrival_greenhouse, layout_basic, st_stairs_7,
          minmay_tetromino_o4
D:2:      layout_basic, shapermc_ecumenical_altar_starsandcircs, minmay_3d_cube
D:3:      layout_basic, uniq_robin

Skill      XL: |  1  2  3  4 |
---------------+-------------+-----
Polearms       | 2 |  2.0
Armour         | 3 |  3.0
Shields        | 3 |  3.4
Fighting       | 4 |  4.1
Dodging        | 1 |  1.0

Action                     |  1- 3 |  4- 6 || total
---------------------------+-------+-------++-------
  Melee: Trident           |   167 |    46 ||   213
         Tailslap          |    17 |     7 ||    24
  Throw: Stone             |     6 |     1 ||     7
    Use: Scroll            |     4 |       ||     4
         Potion            |       |     1 ||     1
   Stab: Distracted        |       |     1 ||     1
 Armour: Scale mail        |    83 |       ||    83
         Robe              |       |    11 ||    11
  Dodge: Dodged            |    89 |    18 ||   107
  Block: Buckler           |    49 |     9 ||    58

Table legend: (Time is in decaauts)
 A = Elapsed time spent in this place.
 B = Non-inter-level travel time spent in this place.
 C = Inter-level travel time spent in this place.
 D = Time resting spent in this place.
 E = Time spent auto-exploring this place.
 F = Levels seen in this place.
 G = Mean time per level.
                   A        B        C        D        E       F      G
               +--------+--------+--------+--------+--------+-----+--------+
         Total |   2051 |   1794 |    257 |    132 |   1033 |   3 |  683.7 |
       Dungeon |   2051 |   1794 |    257 |    132 |   1033 |   3 |  683.7 |
               +--------+--------+--------+--------+--------+-----+--------+

Top non-repeatable levels by time:
     D:1: 1034 daAuts
     D:2: 919 daAuts
     D:3: 97 daAuts
